WCHLSIM.com - West Coast Hockey League
html PUBLIC "-//W3C//DTD XHTML 1.0 Transitional//EN" "http://www.w3.org/TR/xhtml1/DTD/xhtml1-transitional.dtd"> WCHL - Game 891 - OAKLAND GORILLAS vs LONG BEACH BARACUDAS

OAKLAND GORILLAS vs LONG BEACH BARACUDAS

Created - 25 février 2024 at 21:41

Goals
1 2 3 T
OAKLAND GORILLAS 1 0 1 2
LONG BEACH BARACUDAS 1 2 0 3
Shots
1 2 3 T
OAKLAND GORILLAS 6 6 6 18
LONG BEACH BARACUDAS 7 11 14 32

1st period

1. LONG BEACH BARACUDAS , Brock Boeser 11 (William Karlsson 44, Seth Jarvis 24) at 1:26
2. OAKLAND GORILLAS , Aleksander Barkov 30 (Brock Nelson 15, Alexandar Georgiev) at 12:44 (PP)

Penalties :
Matt Irwin (LOB) for Tripping (Minor) at 11:16

2nd period

3. LONG BEACH BARACUDAS , Derek Stepan 1 (Jaden Schwartz 26, Teuvo Teravainen 24) at 3:07
4. LONG BEACH BARACUDAS , Sam Reinhart 24 (Ryan O'Reilly 26) at 13:36

Penalties :
Shayne Gostisbehere (OAK) for Holding (Minor) at 18:56

3rd period

5. OAKLAND GORILLAS , Brock Nelson 14 (Alex Pietrangelo 11, Logan Couture 45) at 5:38

Penalties :
Colton Sissons (OAK) for Elbowing (Minor) at 1:45, Alexandar Georgiev (OAK) for Slashing (Minor) at 7:30 - Shayne Gostisbehere served the penalty., Martin Fehervary (OAK) for Slashing (Minor) at 15:17

Goalie Stats

Alexandar Georgiev (OAK), 29 saves from 32 shots - (0,906), L, 23-23-4, 59:01 minutes
Ukko-Pekka Luukkonen (LOB), 16 saves from 18 shots - (0,889), W, 9-16-0, 60:00 minutes

Players Stats for OAKLAND GORILLAS

Player Name              G  A  P  +/- PIM S  H  SB GA TA FO     MP     PP MP  PK MP  
------------------------------------------------------------------------------------
Aleksander Barkov        1  0  1   0  0   5  0  0  0  0  15/20  17:40   0:22   0:00 
Alex Pietrangelo         0  1  1   1  0   0  0  1  0  0  0/0    16:22   0:00   0:21 
Andrew Cogliano          0  0  0   0  0   0  0  0  0  0  0/0     2:57   0:00   0:44 
Brock Nelson             1  1  2  -1  0   2  0  1  0  0  1/1    16:47   0:22   0:00 
Cameron York             0  0  0  -3  0   0  0  1  0  0  0/0    19:44   1:06   3:14 
Colton Sissons           0  0  0  -1  2   1  2  2  0  0  0/0    19:01   0:00   4:22 
David Kampf              0  0  0   0  0   0  0  0  0  0  3/5     5:30   0:00   3:03 
Hampus Lindholm          0  0  0   0  0   0  0  2  0  0  0/0    24:28   0:22   4:29 
Ilya Mikheyev            0  0  0  -1  0   0  0  0  0  0  0/0    14:40   0:00   0:00 
Jared Spurgeon           0  0  0   0  0   0  1  2  0  0  0/0    24:02   0:22   4:29 
Jordan Kyrou             0  0  0  -1  0   1  1  0  0  0  1/1    17:43   1:06   0:00 
Logan Couture            0  1  1  -1  0   3  0  1  0  0  11/16  17:43   1:06   0:00 
Marcus Foligno           0  0  0   0  0   0  1  0  0  0  0/1     4:38   0:00   2:25 
Mark Stone               0  0  0   0  0   1  1  0  0  0  0/0    17:28   0:22   0:00 
Martin Fehervary         0  0  0   1  2   0  2  0  0  0  0/0    18:16   0:00   2:42 
Patrice Bergeron         0  0  0  -1  0   2  0  0  0  0  17/31  21:17   1:06   5:31 
Patrik Laine             0  0  0   0  0   3  1  0  0  0  1/1    16:52   0:00   0:00 
Shayne Gostisbehere      0  0  0  -3  2   0  1  0  0  0  0/0    16:53   1:06   0:24 

Players Stats for LONG BEACH BARACUDAS

Player Name              G  A  P  +/- PIM S  H  SB GA TA FO     MP     PP MP  PK MP  
------------------------------------------------------------------------------------
Alexander Romanov        0  0  0   1  0   0  1  2  0  0  0/0    21:45   4:15   1:04 
Anton Stralman           0  0  0   1  0   0  1  0  0  0  0/0    17:10   0:00   0:44 
Boris Katchouk           0  0  0   0  0   0  1  0  0  0  0/0     7:11   0:00   0:00 
Brock Boeser             1  0  1   0  0   2  2  1  0  0  0/1    20:14   4:22   0:00 
Calvin De Haan           0  0  0   1  0   0  0  1  0  0  0/0    18:21   3:06   0:12 
Derek Stepan             1  0  1   1  0   1  0  0  0  0  3/8     9:31   0:00   0:00 
Jaden Schwartz           0  1  1   1  0   2  0  0  0  0  0/0    13:45   3:34   0:34 
Kyle Connor              0  0  0   1  0   2  0  0  0  0  0/1    22:18   4:22   0:00 
Matt Irwin               0  0  0   0  2   0  4  0  0  0  0/0    19:06   0:00   0:00 
Peyton Krebs             0  0  0   0  0   2  0  0  0  0  1/6     7:11   0:00   0:00 
Ryan O'Reilly            0  1  1   1  0   2  1  1  0  0  7/20   18:42   0:00   0:34 
Sam Reinhart             1  0  1   1  0   7  1  0  0  0  5/10   22:18   4:22   0:00 
Scott Harrington         0  0  0   1  0   1  0  1  0  0  0/0    19:18   4:15   0:00 
Seth Jarvis              0  1  1   0  0   2  6  0  0  0  0/0    20:14   3:34   0:54 
Taro Hirose              0  0  0   0  0   0  0  0  0  0  0/0     0:00   0:00   0:00 
Teuvo Teravainen         0  1  1   1  0   2  0  0  0  0  0/2    21:29   3:41   0:54 
William Karlsson         0  1  1   0  0   8  1  0  0  0  11/28  19:20   3:34   0:00 
Zachary Werenski         0  0  0   0  0   1  0  1  0  0  0/0    20:38   0:35   0:56 

3 Stars

1 - Sam Reinhart (LOB)
2 - Brock Boeser (LOB)
3 - Seth Jarvis (LOB)

Power Play

OAKLAND GORILLAS - 1 on 1 Attempt(s) - 100,00%
LONG BEACH BARACUDAS - 0 on 4 Attempt(s) - 0,00%

Penalty Kill

OAKLAND GORILLAS - 4 on 4 Attempt(s) - 100,00% - Score 0 goal in Penalty Kill
LONG BEACH BARACUDAS - 0 on 1 Attempt(s) - 0,00% - Score 0 goal in Penalty Kill

Team Stat

OAKLAND GORILLAS - Hits : 10 - Faceoff Wins : 49 - Blocked Shots : 10 - Penalty Minutes : 8
LONG BEACH BARACUDAS - Hits : 18 - Faceoff Wins : 27 - Blocked Shots : 7 - Penalty Minutes : 2

Official

Referees : Jean Hebert and Mitch Dunning
Linesman : Dennis Urban and Brendan Lewis

Game Notes

No Game Note

Finance

Level 1 -- Attendance: 5348 (75,32%) -- Ticket Income 1 042 860 $
Level 2 -- Attendance: 5925 (100,00%) -- Ticket Income 687 300 $
Level 3 -- Attendance: 2968 (73,28%) -- Ticket Income 252 280 $
Level 4 -- Attendance: 5799 (88,20%) -- Ticket Income 318 945 $
Luxury Box -- Attendance: 1047 (77,56%) -- Ticket Income 340 275 $
Game was played at the MONSTER ENERGY CENTER.
Total Attendance: 21087 (84,35%)
Total Ticket Income: 2 641 660 $
Other Expense: 26 417 $
Total Income: 2 615 243 $

OAKLAND GORILLAS

5 vs 5 Forward 
   Center                   Left Wing                Right Wing               Time % Phy DF OF 
 1 Aleksander Barkov        Patrik Laine             Mark Stone               34     0   2  3  
 2 Logan Couture            Brock Nelson             Jordan Kyrou             34     0   2  3  
 3 Patrice Bergeron         Ilya Mikheyev            Colton Sissons           32     0   3  2  
 4 David Kampf              Marcus Foligno           Andrew Cogliano          0      1   4  0  

5 vs 5 Defense 
   Defense                  Defense                                           Time % Phy DF OF 
 1 Hampus Lindholm          Jared Spurgeon                                    40     0   2  3  
 2 Cameron York             Shayne Gostisbehere                               30     0   2  3  
 3 Alex Pietrangelo         Martin Fehervary                                  30     1   3  1  
 4 Jared Spurgeon           Hampus Lindholm                                   0      0   2  3  

PowerPlay Forward 
   Center                   Left Wing                Right Wing               Time % Phy DF OF 
 1 Aleksander Barkov        Brock Nelson             Mark Stone               55     0   0  5  
 2 Logan Couture            Patrik Laine             Jordan Kyrou             45     0   0  5  

PowerPlay Defense
   Defense                  Defense                                           Time % Phy DF OF 
 1 Jared Spurgeon           Hampus Lindholm                                   60     0   2  3  
 2 Shayne Gostisbehere      Cameron York                                      40     0   2  3  

Penalty Kill 4 Players Forward 
   Center                   Wing                     Time % Phy DF OF 
 1 Patrice Bergeron         Colton Sissons           55     1   4  0  
 2 David Kampf              Marcus Foligno           45     1   4  0  

Penalty Kill 4 Players Defense
   Defense                  Defense                  Time % Phy DF OF 
 1 Jared Spurgeon           Hampus Lindholm          55     1   4  0  
 2 Martin Fehervary         Cameron York             45     1   4  0  

Penalty Kill - 3 Players Forward 
   Forward                                           Time % Phy DF OF 
 1 Aleksander Barkov                                 55     1   4  0  
 2 Logan Couture                                     45     1   4  0  

Penalty Kill - 3 Players Defense
   Defense                  Defense                  Time % Phy DF OF 
 1 Hampus Lindholm          Jared Spurgeon           55     1   4  0  
 2 Cameron York             Martin Fehervary         45     1   4  0  

4 vs 4 Forward 
   Center                   Wing                     Time % Phy DF OF 
 1 Logan Couture            Mark Stone               55     1   2  2  
 2 Aleksander Barkov        Patrik Laine             45     1   2  2  

4 vs 4 Defense
   Defense                  Defense                  Time % Phy DF OF 
 1 Hampus Lindholm          Jared Spurgeon           55     1   2  2  
 2 Cameron York             Shayne Gostisbehere      45     1   2  2  

Last Minutes Offensive
   Center                   Left Wing                Right Wing               Defense                  Defense                  
   Aleksander Barkov        Logan Couture            Jordan Kyrou             Hampus Lindholm          Alex Pietrangelo         

Last Minutes Defensive
   Center                   Left Wing                Right Wing               Defense                  Defense                  
   Aleksander Barkov        Brock Nelson             Mark Stone               Hampus Lindholm          Alex Pietrangelo         

Goaltenders
Starting : Alexandar Georgiev       
Backup : Thomas Greiss            

Extra Forwards
Normal : Aleksander Barkov, Logan Couture, Mark Stone - PP : Patrice Bergeron, Colton Sissons - PK : David Kampf
Extra Defensemen
Normal : Shayne Gostisbehere, Hampus Lindholm, Jared Spurgeon - PP : Cameron York - PK : Cameron York, Shayne Gostisbehere
Penalty Shots
Aleksander Barkov, Logan Couture, Mark Stone, Jordan Kyrou, Patrice Bergeron
Custom OT Lines Forwards
Aleksander Barkov, Logan Couture, Mark Stone, Patrice Bergeron, Jordan Kyrou, Brock Nelson, Patrik Laine, Colton Sissons, Marcus Foligno, Ilya Mikheyev
Custom OT Lines Defensemen
Hampus Lindholm, Jared Spurgeon, Shayne Gostisbehere, Cameron York, Martin Fehervary

Scratches
Jack McBain (Healthy)

LONG BEACH BARACUDAS

5 vs 5 Forward 
   Center                   Left Wing                Right Wing               Time % Phy DF OF 
 1 Ryan O'Reilly            Kyle Connor              Sam Reinhart             39     0   1  4  
 2 William Karlsson         Seth Jarvis              Brock Boeser             33     0   1  4  
 3 Derek Stepan             Jaden Schwartz           Teuvo Teravainen         20     0   2  3  
 4 Peyton Krebs             Boris Katchouk           Teuvo Teravainen         8      0   3  2  

5 vs 5 Defense 
   Defense                  Defense                                           Time % Phy DF OF 
 1 Zachary Werenski         Matt Irwin                                        36     0   2  3  
 2 Calvin De Haan           Scott Harrington                                  31     0   3  2  
 3 Alexander Romanov        Anton Stralman                                    23     0   3  2  
 4 Zachary Werenski         Matt Irwin                                        10     0   3  2  

PowerPlay Forward 
   Center                   Left Wing                Right Wing               Time % Phy DF OF 
 1 William Karlsson         Jaden Schwartz           Seth Jarvis              55     0   0  5  
 2 Sam Reinhart             Kyle Connor              Brock Boeser             45     0   0  5  

PowerPlay Defense
   Defense                  Defense                                           Time % Phy DF OF 
 1 Calvin De Haan           Teuvo Teravainen                                  55     0   0  5  
 2 Alexander Romanov        Scott Harrington                                  45     0   0  5  

Penalty Kill 4 Players Forward 
   Center                   Wing                     Time % Phy DF OF 
 1 Teuvo Teravainen         Seth Jarvis              55     1   2  2  
 2 Ryan O'Reilly            Jaden Schwartz           45     1   2  2  

Penalty Kill 4 Players Defense
   Defense                  Defense                  Time % Phy DF OF 
 1 Alexander Romanov        Matt Irwin               55     1   2  2  
 2 Zachary Werenski         Anton Stralman           45     1   2  2  

Penalty Kill - 3 Players Forward 
   Forward                                           Time % Phy DF OF 
 1 William Karlsson                                  55     0   5  0  
 2 Brock Boeser                                      45     0   5  0  

Penalty Kill - 3 Players Defense
   Defense                  Defense                  Time % Phy DF OF 
 1 Zachary Werenski         Calvin De Haan           55     0   5  0  
 2 Anton Stralman           Scott Harrington         45     0   5  0  

4 vs 4 Forward 
   Center                   Wing                     Time % Phy DF OF 
 1 Teuvo Teravainen         Taro Hirose              55     0   2  3  
 2 Ryan O'Reilly            Boris Katchouk           45     0   2  3  

4 vs 4 Defense
   Defense                  Defense                  Time % Phy DF OF 
 1 Zachary Werenski         Matt Irwin               55     0   3  2  
 2 Calvin De Haan           Anton Stralman           45     0   3  2  

Last Minutes Offensive
   Center                   Left Wing                Right Wing               Defense                  Defense                  
   William Karlsson         Kyle Connor              Sam Reinhart             Zachary Werenski         Matt Irwin               

Last Minutes Defensive
   Center                   Left Wing                Right Wing               Defense                  Defense                  
   Ryan O'Reilly            Teuvo Teravainen         Brock Boeser             Zachary Werenski         Matt Irwin               

Goaltenders
Starting : Ukko-Pekka Luukkonen     
Backup : Pyotr Kochetkov          

Extra Forwards
Normal : Seth Jarvis, Teuvo Teravainen, Jaden Schwartz - PP : Jaden Schwartz, Boris Katchouk - PK : Seth Jarvis
Extra Defensemen
Normal : Alexander Romanov, Anton Stralman, Zachary Werenski - PP : Alexander Romanov - PK : Anton Stralman, Zachary Werenski
Penalty Shots
Kyle Connor, Sam Reinhart, Ryan O'Reilly, Seth Jarvis, William Karlsson
Custom OT Lines Forwards
William Karlsson, Sam Reinhart, Ryan O'Reilly, Kyle Connor, Brock Boeser, Teuvo Teravainen, Seth Jarvis, Jaden Schwartz, Boris Katchouk, Derek Stepan
Custom OT Lines Defensemen
Zachary Werenski, Alexander Romanov, Calvin De Haan, Scott Harrington, Matt Irwin

Scratches
Taylor Hall (Sore Right Knee Injury), Justin Braun (Strained Groin Injury), Alex Lyon (Healthy)

% Time on Ice - OAKLAND GORILLAS

Lines # - Real PCT - Wanted PCT - Time Play
Normal Forward
1 - 34% - 34% - 16:52
2 - 33% - 34% - 16:25
3 - 29% - 32% - 14:40
4 - 4% - 0% - 2:13
Normal Defense
1 - 38% - 40% - 19:11
2 - 31% - 30% - 15:24
3 - 31% - 30% - 15:35
4 - 0% - 0% - 0:00
PP Forward
1 - 25% - 55% - 0:22
2 - 75% - 45% - 1:06
PP Defense
1 - 25% - 60% - 0:22
2 - 75% - 40% - 1:06
PK Forward
1 - 70% - 55% - 5:31
2 - 30% - 45% - 2:25
PK Defense
1 - 57% - 55% - 4:29
2 - 43% - 45% - 3:27
PK3 Forward
1 - 0% - 55%
2 - 0% - 45%
PK3 Defense
1 - 0% - 55%
2 - 0% - 45%
44 Forward
1 - 0% - 55%
2 - 0% - 45%
44 Defense
1 - 0% - 55%
2 - 0% - 45%
Last Minute Offensive  - 0:26
Last Minute Defensive  - 0:00
Total
Forward - 60:00
Defense - 60:00

% Time on Ice - LONG BEACH BARACUDAS

Lines # - Real PCT - Wanted PCT - Time Play
Normal Forward
1 - 36% - 39% - 17:56
2 - 31% - 33% - 15:46
3 - 19% - 20% - 9:31
4 - 14% - 8% - 7:11
Normal Defense
1 - 33% - 36% - 16:33
2 - 30% - 31% - 15:03
3 - 33% - 23% - 16:26
4 - 5% - 10% - 2:22
PP Forward
1 - 45% - 55% - 3:34
2 - 55% - 45% - 4:22
PP Defense
1 - 46% - 55% - 3:41
2 - 54% - 45% - 4:15
PK Forward
1 - 61% - 55% - 0:54
2 - 39% - 45% - 0:34
PK Defense
1 - 100% - 55% - 1:28
2 - 0% - 45% - 0:00
PK3 Forward
1 - 0% - 55%
2 - 0% - 45%
PK3 Defense
1 - 0% - 55%
2 - 0% - 45%
44 Forward
1 - 0% - 55%
2 - 0% - 45%
44 Defense
1 - 0% - 55%
2 - 0% - 45%
Last Minute Offensive  - 0:00
Last Minute Defensive  - 0:12
Total
Forward - 60:00
Defense - 60:00

Play-by-Play

1st period


0:01 of 1st period - Aleksander Barkov wins face-off versus Ryan O'Reilly in neutral zone.
1:11 of 1st period - Logan Couture is hit by Seth Jarvis and loses puck.
1:26 of 1st period - Shot by Brock Boeser.
1:26 of 1st period - Goal by Brock Boeser - OAKLAND GORILLAS : 0 - LONG BEACH BARACUDAS : 1.
1:27 of 1st period - Patrice Bergeron wins face-off versus Derek Stepan in neutral zone.
2:00 of 1st period - Shot by Colton Sissons.
2:00 of 1st period - Stopped by Ukko-Pekka Luukkonen without a rebound.
2:01 of 1st period - Logan Couture wins face-off versus Brock Boeser in LONG BEACH BARACUDAS zone.
2:04 of 1st period - Shot by Jordan Kyrou.
2:04 of 1st period - Shot Misses the Net.
2:06 of 1st period - Shot by Brock Nelson.
2:06 of 1st period - Shot Misses the Net.
2:40 of 1st period - Shayne Gostisbehere is hit by Seth Jarvis.
3:05 of 1st period - Alex Pietrangelo is hit by Alexander Romanov and loses puck.
4:13 of 1st period - Shot by Aleksander Barkov.
4:13 of 1st period - Stopped by Ukko-Pekka Luukkonen with a rebound.
4:36 of 1st period - Icing by Jared Spurgeon.
4:37 of 1st period - William Karlsson wins face-off versus Aleksander Barkov in OAKLAND GORILLAS zone.
4:46 of 1st period - Icing by Hampus Lindholm.
4:47 of 1st period - Aleksander Barkov wins face-off versus William Karlsson in OAKLAND GORILLAS zone.
4:47 of 1st period - Aleksander Barkov is hit by Seth Jarvis.
5:17 of 1st period - Shot by Alex Pietrangelo.
5:17 of 1st period - Shot Blocked by Scott Harrington.
6:34 of 1st period - Off-side.
6:35 of 1st period - Aleksander Barkov wins face-off versus Peyton Krebs in neutral zone.
7:11 of 1st period - Mark Stone is hit by Anton Stralman and loses puck.
7:20 of 1st period - Shot by Patrik Laine.
7:20 of 1st period - Stopped by Ukko-Pekka Luukkonen without a rebound.
7:21 of 1st period - Jordan Kyrou wins face-off versus William Karlsson in LONG BEACH BARACUDAS zone.
7:32 of 1st period - Shot by Logan Couture.
7:32 of 1st period - Stopped by Ukko-Pekka Luukkonen with a rebound.
8:02 of 1st period - Logan Couture is hit by Brock Boeser and loses puck.
8:37 of 1st period - Shot by Ryan O'Reilly.
8:37 of 1st period - Shot Blocked by Hampus Lindholm.
8:47 of 1st period - Shot by Kyle Connor.
8:47 of 1st period - Stopped by Alexandar Georgiev without a rebound.
8:48 of 1st period - Derek Stepan wins face-off versus Aleksander Barkov in OAKLAND GORILLAS zone.
8:54 of 1st period - Teuvo Teravainen is hit by Martin Fehervary.
8:57 of 1st period - Icing by Martin Fehervary.
8:58 of 1st period - Patrik Laine wins face-off versus Teuvo Teravainen in OAKLAND GORILLAS zone.
9:47 of 1st period - Jaden Schwartz is hit by Patrik Laine and loses puck.
9:55 of 1st period - Alexander Romanov is hit by Martin Fehervary and loses puck.
10:18 of 1st period - Icing by Mark Stone.
10:19 of 1st period - William Karlsson wins face-off versus Aleksander Barkov in OAKLAND GORILLAS zone.
10:59 of 1st period - Shot by Brock Boeser.
10:59 of 1st period - Stopped by Alexandar Georgiev without a rebound.
11:00 of 1st period - Ryan O'Reilly wins face-off versus Patrice Bergeron in OAKLAND GORILLAS zone.
11:16 of 1st period - Minor Penalty to Matt Irwin for Tripping.
11:17 of 1st period - Logan Couture wins face-off versus Teuvo Teravainen in LONG BEACH BARACUDAS zone.
12:44 of 1st period - Shot by Aleksander Barkov.
12:44 of 1st period - Goal by Aleksander Barkov - OAKLAND GORILLAS : 1 - LONG BEACH BARACUDAS : 1.
12:45 of 1st period - Ryan O'Reilly wins face-off versus Marcus Foligno in neutral zone.
12:45 of 1st period - Sam Reinhart is hit by Marcus Foligno and loses puck.
12:55 of 1st period - Icing by Hampus Lindholm.
12:56 of 1st period - David Kampf wins face-off versus Ryan O'Reilly in OAKLAND GORILLAS zone.
12:56 of 1st period - David Kampf is hit by Ryan O'Reilly.
14:01 of 1st period - Shot by Logan Couture.
14:01 of 1st period - Shot Blocked by Calvin De Haan.
14:09 of 1st period - Shot by Jordan Kyrou.
14:09 of 1st period - Shot Misses the Net.
14:13 of 1st period - Shot by Brock Nelson.
14:13 of 1st period - Stopped by Ukko-Pekka Luukkonen with a rebound.
14:18 of 1st period - Icing by Scott Harrington.
14:19 of 1st period - Derek Stepan wins face-off versus Patrice Bergeron in LONG BEACH BARACUDAS zone.
14:48 of 1st period - Shot by William Karlsson.
14:48 of 1st period - Stopped by Alexandar Georgiev with a rebound.
15:13 of 1st period - Shot by William Karlsson.
15:13 of 1st period - Stopped by Alexandar Georgiev without a rebound.
15:14 of 1st period - Ryan O'Reilly wins face-off versus Logan Couture in OAKLAND GORILLAS zone.
15:22 of 1st period - Icing by Jordan Kyrou.
15:23 of 1st period - Logan Couture wins face-off versus Sam Reinhart in OAKLAND GORILLAS zone.
15:44 of 1st period - Shot by Ryan O'Reilly.
15:44 of 1st period - Stopped by Alexandar Georgiev with a rebound.
15:52 of 1st period - Shot by Brock Nelson.
15:52 of 1st period - Shot Misses the Net.
15:54 of 1st period - Shot by Brock Nelson.
15:54 of 1st period - Shot Misses the Net.
16:40 of 1st period - Off-side.
16:41 of 1st period - Patrice Bergeron wins face-off versus William Karlsson in neutral zone.
16:44 of 1st period - Shot by Colton Sissons.
16:44 of 1st period - Shot Misses the Net.
16:57 of 1st period - Off-side.
16:58 of 1st period - Aleksander Barkov wins face-off versus Derek Stepan in neutral zone.
17:05 of 1st period - Shot by Patrik Laine.
17:05 of 1st period - Shot Blocked by Alexander Romanov.
18:28 of 1st period - Shot by William Karlsson.
18:28 of 1st period - Shot Misses the Net.
18:30 of 1st period - Shot by Calvin De Haan.
18:30 of 1st period - Shot Blocked by Jared Spurgeon.
18:32 of 1st period - Shot by William Karlsson.
18:32 of 1st period - Stopped by Alexandar Georgiev without a rebound.
18:33 of 1st period - Logan Couture wins face-off versus Ryan O'Reilly in OAKLAND GORILLAS zone.
18:45 of 1st period - Shayne Gostisbehere is hit by Sam Reinhart and loses puck.
19:46 of 1st period - Shot by Aleksander Barkov.
19:46 of 1st period - Shot Blocked by Ryan O'Reilly.
Goals for this period are 1 for OAKLAND GORILLAS vs 1 for LONG BEACH BARACUDAS.
Shots for this period are 6 for OAKLAND GORILLAS vs 7 for LONG BEACH BARACUDAS.

2nd period


0:01 of 2nd period - Patrice Bergeron wins face-off versus William Karlsson in neutral zone.
0:07 of 2nd period - Ilya Mikheyev is hit by Matt Irwin and loses puck.
0:19 of 2nd period - Icing by Matt Irwin.
0:20 of 2nd period - Logan Couture wins face-off versus William Karlsson in LONG BEACH BARACUDAS zone.
0:20 of 2nd period - Jordan Kyrou is hit by Matt Irwin and loses puck.
0:31 of 2nd period - Shot by Logan Couture.
0:31 of 2nd period - Shot Misses the Net.
0:53 of 2nd period - Shot by Logan Couture.
0:53 of 2nd period - Shot Blocked by Zachary Werenski.
0:58 of 2nd period - Brock Nelson is hit by Matt Irwin and loses puck.
1:17 of 2nd period - Patrice Bergeron is hit by Seth Jarvis.
1:27 of 2nd period - Icing by Zachary Werenski.
1:28 of 2nd period - Aleksander Barkov wins face-off versus William Karlsson in LONG BEACH BARACUDAS zone.
1:41 of 2nd period - Shot by Patrik Laine.
1:41 of 2nd period - Stopped by Ukko-Pekka Luukkonen without a rebound.
1:42 of 2nd period - Patrice Bergeron wins face-off versus Ryan O'Reilly in LONG BEACH BARACUDAS zone.
2:25 of 2nd period - Shot by Kyle Connor.
2:25 of 2nd period - Shot Misses the Net.
3:07 of 2nd period - Shot by Derek Stepan.
3:07 of 2nd period - Goal by Derek Stepan - OAKLAND GORILLAS : 1 - LONG BEACH BARACUDAS : 2.
3:08 of 2nd period - Peyton Krebs wins face-off versus Aleksander Barkov in neutral zone.
3:12 of 2nd period - Shot by Peyton Krebs.
3:12 of 2nd period - Stopped by Alexandar Georgiev without a rebound.
3:13 of 2nd period - Aleksander Barkov wins face-off versus Ryan O'Reilly in OAKLAND GORILLAS zone.
3:24 of 2nd period - Shot by Sam Reinhart.
3:24 of 2nd period - Deflect By Kyle Connor.
3:24 of 2nd period - Shot Misses the Net.
3:26 of 2nd period - Shot by Ryan O'Reilly.
3:26 of 2nd period - Shot Misses the Net.
3:28 of 2nd period - Shot by Sam Reinhart.
3:28 of 2nd period - Stopped by Alexandar Georgiev without a rebound.
3:29 of 2nd period - Logan Couture wins face-off versus William Karlsson in OAKLAND GORILLAS zone.
4:31 of 2nd period - Icing by Colton Sissons.
4:32 of 2nd period - Patrice Bergeron wins face-off versus Ryan O'Reilly in OAKLAND GORILLAS zone.
4:50 of 2nd period - Shot by Patrice Bergeron.
4:50 of 2nd period - Shot Misses the Net.
5:27 of 2nd period - Off-side.
5:28 of 2nd period - Aleksander Barkov wins face-off versus Peyton Krebs in neutral zone.
6:11 of 2nd period - Teuvo Teravainen is hit by Mark Stone and loses puck.
7:09 of 2nd period - Shot by Brock Boeser.
7:09 of 2nd period - Shot Misses the Net.
7:47 of 2nd period - Shot by Ryan O'Reilly.
7:47 of 2nd period - Shot Misses the Net.
7:51 of 2nd period - Shot by Sam Reinhart.
7:51 of 2nd period - Shot Hit the Post.
8:15 of 2nd period - Shot by Teuvo Teravainen.
8:15 of 2nd period - Stopped by Alexandar Georgiev without a rebound.
8:16 of 2nd period - Aleksander Barkov wins face-off versus Derek Stepan in OAKLAND GORILLAS zone.
9:19 of 2nd period - Icing by Alexander Romanov.
9:20 of 2nd period - Logan Couture wins face-off versus Derek Stepan in LONG BEACH BARACUDAS zone.
9:32 of 2nd period - Shot by Brock Nelson.
9:32 of 2nd period - Shot Blocked by Alexander Romanov.
9:50 of 2nd period - Shot by Logan Couture.
9:50 of 2nd period - Shot Misses the Net.
9:52 of 2nd period - Shot by Hampus Lindholm.
9:52 of 2nd period - Shot Misses the Net.
9:54 of 2nd period - Shot by Logan Couture.
9:54 of 2nd period - Stopped by Ukko-Pekka Luukkonen without a rebound.
9:55 of 2nd period - Patrice Bergeron wins face-off versus William Karlsson in LONG BEACH BARACUDAS zone.
10:09 of 2nd period - Shot by William Karlsson.
10:09 of 2nd period - Stopped by Alexandar Georgiev without a rebound.
10:10 of 2nd period - Aleksander Barkov wins face-off versus Ryan O'Reilly in OAKLAND GORILLAS zone.
10:21 of 2nd period - Shot by Kyle Connor.
10:21 of 2nd period - Stopped by Alexandar Georgiev without a rebound.
10:22 of 2nd period - William Karlsson wins face-off versus Patrice Bergeron in OAKLAND GORILLAS zone.
11:03 of 2nd period - Shot by Patrice Bergeron.
11:03 of 2nd period - Stopped by Ukko-Pekka Luukkonen without a rebound.
11:04 of 2nd period - Logan Couture wins face-off versus Ryan O'Reilly in LONG BEACH BARACUDAS zone.
12:17 of 2nd period - Shot by Peyton Krebs.
12:17 of 2nd period - Stopped by Alexandar Georgiev without a rebound.
12:18 of 2nd period - Patrice Bergeron wins face-off versus William Karlsson in OAKLAND GORILLAS zone.
12:25 of 2nd period - Shot by Colton Sissons.
12:25 of 2nd period - Deflect By Patrice Bergeron.
12:25 of 2nd period - Stopped by Ukko-Pekka Luukkonen without a rebound.
12:26 of 2nd period - Aleksander Barkov wins face-off versus William Karlsson in LONG BEACH BARACUDAS zone.
12:39 of 2nd period - Shot by Aleksander Barkov.
12:39 of 2nd period - Shot Blocked by Brock Boeser.
13:36 of 2nd period - Shot by Sam Reinhart.
13:36 of 2nd period - Goal by Sam Reinhart - OAKLAND GORILLAS : 1 - LONG BEACH BARACUDAS : 3.
13:37 of 2nd period - Ryan O'Reilly wins face-off versus Logan Couture in neutral zone.
13:59 of 2nd period - Sam Reinhart is hit by Jordan Kyrou and loses puck.
14:11 of 2nd period - Shot by Ryan O'Reilly.
14:11 of 2nd period - Stopped by Alexandar Georgiev with a rebound.
14:31 of 2nd period - Shot by Jaden Schwartz.
14:31 of 2nd period - Deflect By Teuvo Teravainen.
14:31 of 2nd period - Stopped by Alexandar Georgiev without a rebound.
14:32 of 2nd period - Patrice Bergeron wins face-off versus Peyton Krebs in OAKLAND GORILLAS zone.
14:49 of 2nd period - Colton Sissons is hit by Boris Katchouk and loses puck.
15:00 of 2nd period - Shot by Teuvo Teravainen.
15:00 of 2nd period - Shot Misses the Net.
15:17 of 2nd period - Icing by Jared Spurgeon.
15:18 of 2nd period - Patrice Bergeron wins face-off versus Ryan O'Reilly in OAKLAND GORILLAS zone.
16:00 of 2nd period - Shot by Sam Reinhart.
16:00 of 2nd period - Stopped by Alexandar Georgiev without a rebound.
16:01 of 2nd period - Logan Couture wins face-off versus William Karlsson in OAKLAND GORILLAS zone.
16:10 of 2nd period - Shot by Logan Couture.
16:10 of 2nd period - Deflect By Jordan Kyrou.
16:10 of 2nd period - Stopped by Ukko-Pekka Luukkonen without a rebound.
16:11 of 2nd period - Aleksander Barkov wins face-off versus William Karlsson in LONG BEACH BARACUDAS zone.
16:55 of 2nd period - Shot by Patrik Laine.
16:55 of 2nd period - Stopped by Ukko-Pekka Luukkonen without a rebound.
16:56 of 2nd period - Ryan O'Reilly wins face-off versus Logan Couture in LONG BEACH BARACUDAS zone.
17:11 of 2nd period - Shot by Kyle Connor.
17:11 of 2nd period - Deflect By Ryan O'Reilly.
17:11 of 2nd period - Shot Misses the Net.
17:33 of 2nd period - Shot by Ryan O'Reilly.
17:33 of 2nd period - Deflect By Sam Reinhart.
17:33 of 2nd period - Shot Misses the Net.
18:13 of 2nd period - Shot by Jaden Schwartz.
18:13 of 2nd period - Shot Blocked by Logan Couture.
18:56 of 2nd period - Minor Penalty to Shayne Gostisbehere for Holding.
18:57 of 2nd period - Patrice Bergeron wins face-off versus Sam Reinhart in OAKLAND GORILLAS zone.
19:26 of 2nd period - Martin Fehervary is hit by Brock Boeser and loses puck.
Goals for this period are 0 for OAKLAND GORILLAS vs 2 for LONG BEACH BARACUDAS.
Shots for this period are 6 for OAKLAND GORILLAS vs 11 for LONG BEACH BARACUDAS.

3rd period


0:01 of 3rd period - William Karlsson wins face-off versus Patrice Bergeron in neutral zone.
0:03 of 3rd period - Off-side.
0:04 of 3rd period - Patrice Bergeron wins face-off versus William Karlsson in neutral zone.
0:27 of 3rd period - Shot by William Karlsson.
0:27 of 3rd period - Stopped by Alexandar Georgiev without a rebound.
0:28 of 3rd period - Sam Reinhart wins face-off versus Patrice Bergeron in OAKLAND GORILLAS zone.
0:31 of 3rd period - Shot by Brock Boeser.
0:31 of 3rd period - Shot Misses the Net.
0:33 of 3rd period - Shot by Alexander Romanov.
0:33 of 3rd period - Shot Blocked by Colton Sissons.
0:35 of 3rd period - Shot by Scott Harrington.
0:35 of 3rd period - Shot Blocked by Hampus Lindholm.
0:49 of 3rd period - Shot by Sam Reinhart.
0:49 of 3rd period - Deflect By Brock Boeser.
0:49 of 3rd period - Shot Misses the Net.
0:51 of 3rd period - Shot by Alexander Romanov.
0:51 of 3rd period - Shot Misses the Net.
0:53 of 3rd period - Shot by Scott Harrington.
0:53 of 3rd period - Stopped by Alexandar Georgiev without a rebound.
0:54 of 3rd period - David Kampf wins face-off versus William Karlsson in OAKLAND GORILLAS zone.
1:14 of 3rd period - Icing by Alex Pietrangelo.
1:15 of 3rd period - Brock Nelson wins face-off versus Ryan O'Reilly in OAKLAND GORILLAS zone.
1:29 of 3rd period - Shot by Sam Reinhart.
1:29 of 3rd period - Stopped by Alexandar Georgiev without a rebound.
1:30 of 3rd period - William Karlsson wins face-off versus Patrice Bergeron in OAKLAND GORILLAS zone.
1:30 of 3rd period - William Karlsson is hit by Shayne Gostisbehere.
1:37 of 3rd period - Off-side.
1:38 of 3rd period - Patrice Bergeron wins face-off versus Kyle Connor in neutral zone.
1:40 of 3rd period - Colton Sissons is hit by Matt Irwin.
1:45 of 3rd period - Minor Penalty to Colton Sissons for Elbowing.
1:46 of 3rd period - William Karlsson wins face-off versus David Kampf in OAKLAND GORILLAS zone.
1:47 of 3rd period - Shot by Seth Jarvis.
1:47 of 3rd period - Shot Misses the Net.
1:49 of 3rd period - Shot by William Karlsson.
1:49 of 3rd period - Stopped by Alexandar Georgiev without a rebound.
1:50 of 3rd period - William Karlsson wins face-off versus Patrice Bergeron in OAKLAND GORILLAS zone.
2:31 of 3rd period - Shot by Jaden Schwartz.
2:31 of 3rd period - Stopped by Alexandar Georgiev with a rebound.
2:53 of 3rd period - Shot by Sam Reinhart.
2:53 of 3rd period - Stopped by Alexandar Georgiev without a rebound.
2:54 of 3rd period - Patrice Bergeron wins face-off versus Sam Reinhart in OAKLAND GORILLAS zone.
3:44 of 3rd period - Icing by Seth Jarvis.
3:45 of 3rd period - Aleksander Barkov wins face-off versus Peyton Krebs in LONG BEACH BARACUDAS zone.
3:58 of 3rd period - Shot by Aleksander Barkov.
3:58 of 3rd period - Shot Misses the Net.
4:00 of 3rd period - Shot by Aleksander Barkov.
4:00 of 3rd period - Stopped by Ukko-Pekka Luukkonen without a rebound.
4:01 of 3rd period - Derek Stepan wins face-off versus Patrice Bergeron in LONG BEACH BARACUDAS zone.
4:12 of 3rd period - Shot by Jaden Schwartz.
4:12 of 3rd period - Stopped by Alexandar Georgiev without a rebound.
4:13 of 3rd period - Ryan O'Reilly wins face-off versus Aleksander Barkov in OAKLAND GORILLAS zone.
5:28 of 3rd period - Icing by Brock Boeser.
5:29 of 3rd period - Logan Couture wins face-off versus William Karlsson in LONG BEACH BARACUDAS zone.
5:38 of 3rd period - Shot by Brock Nelson.
5:38 of 3rd period - Goal by Brock Nelson - OAKLAND GORILLAS : 2 - LONG BEACH BARACUDAS : 3.
5:39 of 3rd period - Patrice Bergeron wins face-off versus Derek Stepan in neutral zone.
6:10 of 3rd period - Jaden Schwartz is hit by Colton Sissons.
7:24 of 3rd period - Icing by Matt Irwin.
7:25 of 3rd period - William Karlsson wins face-off versus Logan Couture in LONG BEACH BARACUDAS zone.
7:30 of 3rd period - Shot by Zachary Werenski.
7:30 of 3rd period - Stopped by Alexandar Georgiev without a rebound.
7:30 of 3rd period - Minor Penalty to Alexandar Georgiev for Slashing.
7:31 of 3rd period - Patrice Bergeron wins face-off versus Sam Reinhart in OAKLAND GORILLAS zone.
8:19 of 3rd period - Icing by Teuvo Teravainen.
8:20 of 3rd period - William Karlsson wins face-off versus Patrice Bergeron in LONG BEACH BARACUDAS zone.
8:27 of 3rd period - Hampus Lindholm is hit by William Karlsson and loses puck.
8:42 of 3rd period - Shot by Seth Jarvis.
8:42 of 3rd period - Stopped by Alexandar Georgiev without a rebound.
8:43 of 3rd period - David Kampf wins face-off versus Sam Reinhart in OAKLAND GORILLAS zone.
8:49 of 3rd period - Icing by Kyle Connor.
8:50 of 3rd period - Sam Reinhart wins face-off versus Patrice Bergeron in LONG BEACH BARACUDAS zone.
9:18 of 3rd period - Shot by Sam Reinhart.
9:18 of 3rd period - Shot Misses the Net.
10:08 of 3rd period - Shot by Aleksander Barkov.
10:08 of 3rd period - Stopped by Ukko-Pekka Luukkonen without a rebound.
10:09 of 3rd period - Logan Couture wins face-off versus Ryan O'Reilly in LONG BEACH BARACUDAS zone.
10:18 of 3rd period - Shot by Sam Reinhart.
10:18 of 3rd period - Deflect By Kyle Connor.
10:18 of 3rd period - Shot Blocked by Brock Nelson.
10:20 of 3rd period - Shot by Ryan O'Reilly.
10:20 of 3rd period - Shot Misses the Net.
12:13 of 3rd period - Shot by Aleksander Barkov.
12:13 of 3rd period - Stopped by Ukko-Pekka Luukkonen without a rebound.
12:14 of 3rd period - Ryan O'Reilly wins face-off versus David Kampf in LONG BEACH BARACUDAS zone.
13:10 of 3rd period - Shot by William Karlsson.
13:10 of 3rd period - Shot Blocked by Alex Pietrangelo.
13:12 of 3rd period - Shot by Alexander Romanov.
13:12 of 3rd period - Shot Misses the Net.
13:14 of 3rd period - Shot by William Karlsson.
13:14 of 3rd period - Stopped by Alexandar Georgiev without a rebound.
13:15 of 3rd period - Patrice Bergeron wins face-off versus William Karlsson in OAKLAND GORILLAS zone.
13:39 of 3rd period - William Karlsson is hit by Jared Spurgeon and loses puck.
13:54 of 3rd period - Shot by Brock Boeser.
13:54 of 3rd period - Shot Blocked by Colton Sissons.
14:56 of 3rd period - Shot by Kyle Connor.
14:56 of 3rd period - Shot Misses the Net.
15:17 of 3rd period - Minor Penalty to Martin Fehervary for Slashing.
15:18 of 3rd period - Patrice Bergeron wins face-off versus William Karlsson in OAKLAND GORILLAS zone.
15:18 of 3rd period - Patrice Bergeron is hit by Seth Jarvis.
15:50 of 3rd period - Shot by Teuvo Teravainen.
15:50 of 3rd period - Shot Blocked by Jared Spurgeon.
15:52 of 3rd period - Shot by Seth Jarvis.
15:52 of 3rd period - Stopped by Alexandar Georgiev without a rebound.
15:53 of 3rd period - Sam Reinhart wins face-off versus Patrice Bergeron in OAKLAND GORILLAS zone.
16:06 of 3rd period - Icing by Sam Reinhart.
16:07 of 3rd period - Sam Reinhart wins face-off versus Patrice Bergeron in LONG BEACH BARACUDAS zone.
16:07 of 3rd period - Sam Reinhart is hit by Colton Sissons.
16:29 of 3rd period - Icing by Sam Reinhart.
16:30 of 3rd period - Sam Reinhart wins face-off versus Patrice Bergeron in LONG BEACH BARACUDAS zone.
16:49 of 3rd period - Off-side.
16:50 of 3rd period - William Karlsson wins face-off versus Patrice Bergeron in neutral zone.
17:18 of 3rd period - Shot by William Karlsson.
17:18 of 3rd period - Stopped by Alexandar Georgiev with a rebound.
17:28 of 3rd period - Shot by Sam Reinhart.
17:28 of 3rd period - Stopped by Alexandar Georgiev with a rebound.
17:30 of 3rd period - Shot by Sam Reinhart.
17:30 of 3rd period - Stopped by Alexandar Georgiev without a rebound.
17:31 of 3rd period - Aleksander Barkov wins face-off versus Peyton Krebs in OAKLAND GORILLAS zone.
17:38 of 3rd period - Shot by Aleksander Barkov.
17:38 of 3rd period - Shot Misses the Net.
18:38 of 3rd period - Off-side.
18:39 of 3rd period - William Karlsson wins face-off versus Logan Couture in neutral zone.
18:46 of 3rd period - Shayne Gostisbehere is hit by Seth Jarvis and loses puck.
19:01 of 3rd period - OAKLAND GORILLAS, Alexandar Georgiev is pulled from the net.
19:11 of 3rd period - Shot by William Karlsson.
19:11 of 3rd period - Shot Blocked by Cameron York.
19:47 of 3rd period - Shot by Mark Stone.
19:47 of 3rd period - Stopped by Ukko-Pekka Luukkonen without a rebound.
19:48 of 3rd period - Aleksander Barkov wins face-off versus Ryan O'Reilly in LONG BEACH BARACUDAS zone.
19:53 of 3rd period - Shot by Logan Couture.
19:53 of 3rd period - Stopped by Ukko-Pekka Luukkonen without a rebound.
19:54 of 3rd period - Aleksander Barkov wins face-off versus Ryan O'Reilly in LONG BEACH BARACUDAS zone.
Goals for this period are 1 for OAKLAND GORILLAS vs 0 for LONG BEACH BARACUDAS.
Shots for this period are 6 for OAKLAND GORILLAS vs 14 for LONG BEACH BARACUDAS.


BLAKE
WHEELER
STEVEN
STAMKOS
DREW
DOUGHTY

EAST COAST

HOCKEY LEAGUE

  • 63.RHI2PIT5
  • 64.WOR4ATL3
  • 65.QUECHW
  • 66.CHATRV